 Dungeon Crawl Stone Soup version 0.13.0-26-gf7ffa3a (webtiles) character file.

685 M4edhros the Covert (level 7, 0/44 HPs)
             Began as an Octopode Artificer on Nov 2, 2013.
             Was an Initiate of Fedhas.
             Succumbed to an adder's poison
             ... on Level 4 of the Dungeon.
             The game lasted 00:04:27 (3049 turns).

M4edhros the Covert (Octopode Artificer)            Turns: 3049, Time: 00:04:28

HP   0/44        AC  1     Str 10      XL: 7   Next: 22%
MP  10/10        EV 12     Int 16      God: Fedhas [......]
Gold 161         SH  0     Dex 13      Spells:  0 memorised,  6 levels left

Res.Fire  : . . .   See Invis. : .   a - +0 short sword
Res.Cold  : . . .   Warding    : .   (no shield)
Life Prot.: + . .   Conserve   : .   (helmet restricted)
Res.Poison: .       Res.Corr.  : .   (no amulet)
Res.Elec. : .       Clarity    : .   n - ring of positive energy
Sust.Abil.: . .     Spirit.Shd : .   l - ring of sustenance
Res.Mut.  : .       Stasis     : .   (no ring)
Res.Rott. : .       Flight     : .   (no ring)
Saprovore : . . .                    (no ring)
                                     (no ring)
                                     (no ring)
                                     (no ring)

@: mildly poisoned, slightly resistant to hostile enchantments, extremely
stealthy
A: almost no armour, amphibious, 8 rings, constrict 8, camouflage 1, AC +1
a: Renounce Religion


You were on level 4 of the Dungeon.
You worshipped Fedhas.
Fedhas was noncommittal.
You were hungry.

You visited 2 branches of the dungeon, and saw 6 of its levels.

You collected 141 gold pieces.

Inventory:

Hand weapons
 a - a +0,+0 short sword (weapon)
Missiles
 m - 8 needles of confusion
 r - 2 throwing nets (quivered)
Magical devices
 b - a wand of flame (9)
 c - a wand of enslavement (9)
 d - a wand of random effects (10)
 p - a wand of draining (3) {unknown}
Comestibles
 f - 4 bread rations
 g - a snozzcumber
 o - an apple
 q - a choko
Scrolls
 i - 3 scrolls of identify
 k - a scroll of teleportation {unknown}
 s - a scroll of noise {unknown}
 u - a scroll of curse armour {unknown}
Jewellery
 l - a ring of sustenance (right tentacle)
 n - a ring of positive energy (left tentacle)
Potions
 e - a potion of confusion
 j - a potion of poison


   Skills:
 - Level 1.0 Fighting
 - Level 1.0 Short Blades
 - Level 2.0 Dodging
 + Level 10.5 Stealth
 - Level 3.2 Evocations


You had 6 spell levels left.
You didn't know any spells.

Dungeon Overview and Level Annotations

Branches:
Dungeon (5/27)             Temple (1/1) D:5

Altars:
Cheibriados
Fedhas
Nemelex Xobeh
Okawaru
Trog
Vehumet
Yredelemnul
the Shining One


Innate Abilities, Weirdness & Mutations

You cannot wear most types of armour.
You are amphibious.
You can wear up to eight rings at the same time.
You can use your tentacles to constrict many enemies at once.
Your skin changes colour to match your surroundings (Stlth).
Your rubbery body absorbs attacks (AC +1).


Message History

* * * LOW HITPOINT WARNING * * *
You feel sick.
You climb upwards.
A giant cockroach comes into view.
* * * LOW HITPOINT WARNING * * *
You feel sick.
You feel a little better.
There is a stone staircase leading down here.
You hit the giant cockroach. You grab the giant cockroach.
The giant cockroach is lightly wounded.
You constrict the giant cockroach. The giant cockroach barely misses you.
You barely miss the giant cockroach. You squeeze the giant cockroach.
You kill the giant cockroach!
* * * LOW HITPOINT WARNING * * *
You feel sick.
Drink which item? (? for menu, Esc to quit)
Okay, then.
You start resting.
You die...
Fedhas appreciates your contribution to the ecosystem.

###############
#.............#
#.............#
#.............#
#.............#########
..............##@.....#
....############.####.#
.................# #.#
....############'####.####
....# #..............#
##### #[.............# #
#..............# #
#..............# #
#..............#


There were no monsters in sight!

Vanquished Creatures
  The ghost of Lilouch the Firebug, an average DEFE of Kikubaaqudgha (D:5)
  An ogre (D:4)
  A scorpion (D:5)
  An orc wizard (D:5)
  An orc priest (D:5)
  A worker ant (D:4)
  3 adders
  A giant mite (D:5)
  A worm (D:2)
  2 giant geckos (D:4)
  8 orcs
  4 bats
  4 giant cockroaches
  10 kobolds
  A giant newt (D:4)
  6 goblins
  4 rats
50 creatures vanquished.

Vanquished Creatures (collateral kills)
  An orc wizard (D:5)
  An adder (D:5)
  2 orc priests (D:5)
  A giant gecko (D:4)
  4 orcs (D:5)
  2 bats
  A giant cockroach (D:5)
12 creatures vanquished.

Grand Total: 62 creatures vanquished

Notes
Turn   | Place    | Note
--------------------------------------------------------------
     0 | D:1      | M4edhros, the Octopode Artificer, began the quest for the Orb.
     0 | D:1      | Reached XP level 1. HP: 14/14 MP: 1/1
    78 | D:2      | Reached XP level 2. HP: 14/19 MP: 3/3
   590 | D:2      | Reached skill level 4 in Stealth
   590 | D:2      | Reached XP level 3. HP: 16/24 MP: 4/4
  1003 | D:4      | Noticed an ogre
  1074 | D:4      | Reached skill level 5 in Stealth
  1074 | D:4      | Reached XP level 4. HP: 29/29 MP: 6/6
  1429 | D:4      | Found a bloodstained altar of Trog.
  1517 | D:4      | Reached skill level 6 in Stealth
  1905 | D:4      | Killed an ogre
  1905 | D:4      | Reached skill level 7 in Stealth
  1905 | D:4      | Reached XP level 5. HP: 34/34 MP: 7/7
  2053 | D:5      | Entered Level 5 of the Dungeon
  2078 | D:5      | Gained mutation: One of your tentacles bears a spike. [potion of mutation]
  2078 | D:5      | Gained mutation: You are frail (-10% HP). [potion of mutation]
  2078 | D:5      | Gained mutation: Your mind is acute. (Int +2) [potion of mutation]
  2079 | D:5      | Lost mutation: One of your tentacles bears a spike. [potion of cure mutation]
  2079 | D:5      | Lost mutation: You are frail (-10% HP). [potion of cure mutation]
  2079 | D:5      | Lost mutation: Your mind is acute. (Int +2) [potion of cure mutation]
  2302 | D:5      | Reached skill level 8 in Stealth
  2313 | D:5      | Reached XP level 6. HP: 19/39 MP: 9/9
  2464 | D:5      | Found a radiant altar of Vehumet.
  2506 | D:5      | Noticed Lilouch's ghost (average DEFE)
  2511 | D:5      | Killed Lilouch's ghost
  2511 | D:5      | Reached skill level 9 in Stealth
  2691 | D:5      | Reached skill level 10 in Stealth
  2809 | D:5      | Reached XP level 7. HP: 44/44 MP: 10/10
  2971 | D:5      | Found a staircase to the Ecumenical Temple.
  2981 | Temple   | Entered the Ecumenical Temple
  3002 | Temple   | Became a worshipper of Fedhas Madash
  3044 | D:5      | HP: 2/44 [poisoned by an adder]
  3049 | D:4      | Succumbed to an adder's poison

Action                   |  1- 3 |  4- 6 |  7- 9 || total
-------------------------+-------+-------+-------++-------
Melee: Short sword       |    38 |    54 |    18 ||   110
Evoke: Wand              |     4 |     9 |     4 ||    17
  Use: Scroll            |     2 |       |       ||     2
       Potion            |       |     5 |     1 ||     6
 Stab: Sleeping          |     3 |     5 |       ||     8
